Map: Prion Terraces

Players

Miszu - Winner!

  • Race: Terran Terran
  • League: Master

lllllllll

  • Race: Zerg Zerg
  • League: Master

VOD

Have the link to the VOD?

Description

Time

  • Played on: March 11, 2016, 1:58 p.m.
  • Length: 5:48
Show
View Real Time Build Order
Export as new Build Order

Miszu Terran - Winner!

Build Orders:  

Get SALT Encoding   

  12  0:00  SCV  
  13  0:13  SCV  
  14  0:17  Supply Depot  
  14  0:25  SCV  
  15  0:39  SCV  
  15  0:40  Barracks  
  16  0:43  Refinery  
  16  0:51  SCV  
  17  1:00  Barracks  
  17  1:03  SCV  
  18  1:16  Barracks  
  18  1:23  SCV  
  19  1:27  Reaper  
  20  1:33  Refinery  
  20  1:44  Orbital Command  
  20  1:47  Reaper  
  21  1:54  Supply Depot  
  21  2:03  Reaper  
  22  2:10  SCV  
  23  2:16  Reaper  
  23  2:20  Reaper  
  25  2:23  Supply Depot  
  25  2:26  SCV  
  26  2:36  Reaper  
  27  2:38  SCV  
  28  2:48  Reaper  
  28  2:50  SCV  
  30  2:57  Reaper  
  31  3:03  SCV  
  32  3:05  Command Center  
  32  3:29  Reaper  
  32  3:30  Reaper  
  32  3:31  SCV  
  32  3:32  Reaper  
  35  3:45  SCV  
  36  3:51  Command Center  
  36  3:53  Supply Depot  
  36  3:57  SCV  
  38  4:09  SCV  
  39  4:11  Barracks Tech Lab  
  39  4:12  Barracks Reactor  
  39  4:13  Barracks Reactor  
  39  4:16  Barracks Tech Lab  
  38  4:20  Orbital Command  
  38  4:21  SCV  
  39  4:31  Marine  
  39  4:33  SCV  
  40  4:41  Marine  
  40  4:43  Factory  
  42  4:45  SCV  
  42  4:46  SCV  
  42  4:48  Marine  
  42  4:49  Marine x2  
  46  4:58  Bunker  
  46  4:59  Marine  
  46  5:06  Marine x2  
  48  5:07  Marine, SCV x2  
  48  5:08  Orbital Command  
  51  5:17  Marine  
  52  5:24  Marine x2  
  52  5:25  Marine  
Show
View Real Time Build Order
Export as new Build Order

lllllllll Zerg 

Build Orders: Hatch First, Ravager All-In 

Get SALT Encoding   

  12  0:01  Drone  
  13  0:12  Overlord  
  13  0:16  Drone  
  14  0:31  Drone  
  14  0:32  Drone  
  16  0:37  Drone  
  17  0:51  Hatchery  
  17  0:55  Drone  
  17  0:57  Extractor  
  17  1:03  Drone  
  17  1:08  Drone  
  18  1:17  Spawning Pool  
  17  1:21  Drone  
  18  1:32  Drone  
  19  1:43  Overlord  
  19  2:04  Metabolic Boost  
  19  2:05  Queen x2  
  23  2:09  Zergling x2  
  23  2:12  Zergling x2  
  23  2:15  Zergling x2  
  26  2:19  Drone  
  28  2:22  Drone  
  28  2:23  Drone  
  28  2:34  Spore Crawler  
  27  2:37  Drone x2  
  27  2:38  Drone  
  31  2:49  Drone x2  
  31  2:50  Roach Warren, Extractor  
  31  3:01  Zergling x4  
  33  3:09  Drone  
  33  3:10  Drone  
  34  3:16  Overlord  
  34  3:17  Overlord  
  32  3:32  Overlord  
  32  3:33  Roach x2  
  35  3:34  Roach x2  
  35  3:38  Roach  
  35  3:39  Roach  
  43  3:46  Roach x2  
  46  3:56  Ravager  
  46  3:57  Ravager  
  46  4:00  Extractor  
  46  4:06  Zergling x2  
  46  4:07  Zergling x8  
  50  4:16  Zergling x2  
  53  4:17  Zergling x6  
  49  4:39  Ravager x3  
  49  4:40  Zergling x10  
  49  4:44  Overlord  
  56  4:47  Ravager  
  56  4:56  Zergling x6  
  58  5:02  Overlord  
  58  5:07  Ravager x2  
  58  5:08  Zergling x2  
  58  5:18  Zergling x8  
Tags
 
Add a new tag
Caveats
  • Supply blocks, unpowered buildings, or Contaminate may cause inaccurate times.
  • Supply counts are checked every 10 seconds.